 Dungeon Crawl Stone Soup version 0.19-a0-1223-gf83d13a (webtiles) character file.

4054 JustSomeDude the Covered (level 10, -3/76 HPs)
             Began as a Demonspawn Fighter on Aug 24, 2016.
             Was a Priest of Yredelemnul.
             Slain by a brown ugly thing (8 damage)
             ... on level 10 of the Dungeon.
             The game lasted 00:27:15 (9838 turns).

JustSomeDude the Covered (Demonspawn Fighter)       Turns: 9838, Time: 00:27:16

Health: -3/76      AC:  8    Str: 20    XL:     10   Next: 4%
Magic:  0/12       EV:  9    Int: 10    God:    Yredelemnul [***...]
Gold:   939        SH:  9    Dex: 12    Spells: 0 memorised, 9 levels left

rFire  . . .     SeeInvis .     K - +1 hand axe (chop)
rCold  . . .     Gourm    .     b - +0 scale mail
rNeg   . . .     Faith    .     c - +0 shield
rPois  .         Spirit   +     k - +0 helmet
rElec  .         Dismiss  .     (no cloak)
rCorr  +         Reflect  .     (gloves unavailable)
MR     +....     Harm     .     (no boots)
Stlth  ..........               (no amulet)
                                w - ring of protection from magic
                                r - ring of resist corrosion

@: heavily drained
A: claws 3, magic shield, sturdy frame 1
a: Recall Undead Slaves, Injury Mirror, Animate Dead, Renounce Religion


You were on level 10 of the Dungeon.
You worshipped Yredelemnul.
Yredelemnul was most pleased with you.
You were not hungry.

You visited 2 branches of the dungeon, and saw 12 of its levels.

You collected 981 gold pieces.
You spent 42 gold pieces at shops.

Inventory:

Hand Weapons
 K - a +1 hand axe of chopping (weapon)
Missiles
 d - 4 javelins (quivered)
Armour
 b - a +0 scale mail (worn)
 c - a +0 shield (worn)
 k - a +0 helmet (worn)
Jewellery
 j - an uncursed ring of protection from cold
 r - a ring of resist corrosion (left claw)
 w - a ring of protection from magic (right claw)
 E - an uncursed ring of wizardry
 N - an uncursed amulet of harm
Wands
 u - a wand of paralysis (11/24)
 A - a wand of paralysis (10/24)
 F - a wand of random effects (42/48)
Scrolls
 e - 3 scrolls of teleportation {unknown}
 g - 3 scrolls of magic mapping
 h - a scroll of torment {unknown}
 i - 2 scrolls of enchant weapon {unknown}
 l - a scroll of blinking {unknown}
 o - 4 scrolls of identify
 p - 2 scrolls of immolation {unknown}
 v - a scroll of enchant armour {unknown}
 x - 2 scrolls of amnesia {unknown}
 y - 3 scrolls of remove curse
 D - a scroll of random uselessness {unknown}
 I - a scroll of holy word {unknown}
 J - a scroll of fog {unknown}
 M - a scroll of silence {unknown}
Potions
 n - 2 potions of cancellation
 s - a potion of berserk rage
 z - a potion of magic
Books
 a - a book of Battle

   Spells                             Type                      Level
   a - Infusion                       Charms                       1
   b - Shroud of Golubria             Charms/Translocation         2
   c - Song of Slaying                Charms                       2
   d - Spectral Weapon                Hexes/Charms                 3
   e - Regeneration                   Charms/Necromancy            3
 C - a Necronomicon

   Spells                             Type                      Level
   a - Haunt                          Necromancy/Summoning         7
   b - Borgnjor's Revivification      Necromancy                   8
   c - Death's Door                   Charms/Necromancy            8
   d - Infestation                    Necromancy                   8
   e - Necromutation                  Transmutation/Necromancy     8
 G - a book of Necromancy

   Spells                             Type                      Level
   a - Pain                           Necromancy                   1
   b - Animate Skeleton               Necromancy                   1
   c - Vampiric Draining              Necromancy                   3
   d - Regeneration                   Charms/Necromancy            3
   e - Animate Dead                   Necromancy                   4
   f - Control Undead                 Necromancy                   4
 L - a book of Flames

   Spells                             Type                      Level
   a - Flame Tongue                   Conjuration/Fire             1
   b - Throw Flame                    Conjuration/Fire             2
   c - Conjure Flame                  Conjuration/Fire             3
   d - Inner Flame                    Hexes/Fire                   3
   e - Sticky Flame                   Conjuration/Fire             4
   f - Fireball                       Conjuration/Fire             5
Comestibles
 f - 3 bread rations
 m - 13 fruits
 q - 2 slices of pizza
 t - a meat ration


   Skills:
 + Level 6.2(3.8) Fighting
 + Level 5.5(3.1) Axes
 + Level 0.5(0.0) Throwing
 + Level 7.1(4.6) Armour
 + Level 5.1(2.7) Dodging
 + Level 2.5(0.3) Stealth
 + Level 6.6(4.1) Shields
 + Level 3.8(1.6) Invocations


You had 9 spell levels left.
You didn't know any spells.

Dungeon Overview and Level Annotations

Branches:
Dungeon (10/15)            Temple (0/1) D:4            Lair (0/6) D:9
    Orc (2/2) D:9
    Elf: Orc:2

Altars:
Nemelex Xobeh
Okawaru
Ru
Trog
Uskayaw
Yredelemnul

Shops:
Orc:1 }*   Orc:2 (


Innate Abilities, Weirdness & Mutations

You have claws for hands.
When hurt, damage is shared between your health and your magic reserves.
Your movements are slightly less encumbered by armour. (ER -2)


Message History

Your orc priest zombie misses the brown ugly thing.
You hit the brown ugly thing.
The brown ugly thing is almost dead.
You hit the orc wizard but do no damage.
You are no longer corroded.
The brown ugly thing headbutts you but does no damage.
The orc wizard casts a cantrip, but nothing happens.
The brown ugly thing headbutts you.
* * * LOW HITPOINT WARNING * * *
You are splashed with acid!
The acid burns!
You resist.
* * * LOW HITPOINT WARNING * * *
The orc wizard hits you with a dagger.
* * * LOW HITPOINT WARNING * * *
Your orc priest zombie barely misses the brown ugly thing.
You hit the brown ugly thing.
The brown ugly thing is almost dead.
You hit the orc wizard but do no damage.
The brown ugly thing headbutts you!
You die...
Your body rises from the dead as a mindless zombie.

.ZZ...........Z...# #........
..Z...............#####.....>..
.......##########....<.........
.......# #.#####.######
.#####.# #.# #Z# Z# .# #.# #.#
.# .# #.# #.# Z#
#########.#####.###### .#
...<....@uZ).)......... Z#
#.##########o#####.####### .#
#.# #.# #.# Z# #.# #.# #.#
Z#####.# #.# #.# Z......# #.#
#.# Z#####.# #.. ... Z# #.# #.#
#. .# #.#


You could see a brown ugly thing, an orc wizard and a friendly orc priest
zombie.

Vanquished Creatures
  Sigmund (D:2)
  A hippogriff (D:10)
  Menkaure (D:7)
  An orc warrior (D:6)
  A phantom (D:5)
  A sky beast (D:8)
  A black bear (D:6)
  4 ogres
  2 ice beasts
  A centaur (D:9)
  A necrophage (D:4)
  A big kobold (D:8)
  5 giant frogs
  A scorpion (D:4)
  A killer bee (D:9)
  5 wights (D:10)
  A howler monkey (D:5)
  A crimson imp (D:8)
  A centaur zombie (D:6)
  A giant frog zombie (D:8)
  3 hounds
  6 orc priests
  A gnoll shaman (D:7)
  A jelly (D:5)
  A giant frog skeleton (D:9)
  4 iguanas
  3 orc wizards
  7 worker ants
  6 gnolls
  A howler monkey skeleton (D:7)
  9 adders
  A shadow imp (D:7)
  An ooze (D:3)
  An adder zombie (D:5)
  A worm (D:3)
  A dart slug (D:2)
  5 giant geckos
  14 orcs
  3 ball pythons (D:3)
  3 bats
  4 giant cockroaches
  6 hobgoblins
  7 jackals
  2 quokkas
  A giant gecko skeleton (D:6)
  4 giant newts
  2 goblins
  A jackal skeleton (D:8)
  5 kobolds
  4 rats
  2 fungi (D:1)
142 creatures vanquished.

Vanquished Creatures (collateral kills)
  An orc sorcerer (Orc:2)
  A troll (D:9)
  An ice beast (D:5)
  2 ogres
  A giant frog (D:8)
  A water moccasin skeleton (D:9)
  3 killer bees (D:9)
  2 crimson imps
  A wasp zombie (D:7)
  3 jellies (D:5)
  An orc wizard (D:5)
  An orc priest (D:4)
  A worker ant (D:5)
  A hound zombie (D:7)
  An adder (D:4)
  7 gnolls
  An adder skeleton (D:9)
  3 worms
  5 orcs
  A rat (D:3)
38 creatures vanquished.

Vanquished Creatures (others)
  4 flying skulls (Orc:2)
  A hippogriff zombie (D:10)
  A wight (Orc:2)
  2 giant frog zombies
  An ogre zombie (D:7)
  An adder zombie (D:7)
  3 gnoll zombies (D:7)
  A giant gecko zombie (D:9)
  A kobold zombie (D:8)
  7 orc zombies
22 creatures vanquished.

Grand Total: 202 creatures vanquished

Notes
Turn   | Place    | Note
-------+----------+-------------------------------------------
     0 | D:1      | JustSomeDude the Demonspawn Fighter began the quest for the Orb.
     0 | D:1      | Reached XP level 1. HP: 18/18 MP: 1/1
    92 | D:1      | Reached skill level 3 in Armour
   128 | D:1      | Gained mutation: When hurt, damage is shared between your health and your magic reserves. [demonic ancestry]
   128 | D:1      | Reached XP level 2. HP: 23/24 MP: 2/2
   776 | D:2      | Found a faded altar of an unknown god.
   811 | D:2      | Gained mutation: You have sharp fingernails. [demonic ancestry]
   811 | D:2      | Reached XP level 3. HP: 6/29 MP: 1/3
   817 | D:2      | Became a worshipper of Yredelemnul the Dark
   817 | D:2      | Reached * piety under Yredelemnul
   825 | D:2      | Found a sparkling altar of Nemelex Xobeh.
   864 | D:2      | Noticed Sigmund
  1124 | D:2      | Killed Sigmund
  1124 | D:2      | Reached skill level 1 in Dodging
  1124 | D:2      | Gained mutation: Your movements are slightly less encumbered by armour. (ER -2) [demonic ancestry]
  1124 | D:2      | Reached XP level 4. HP: 27/35 MP: 2/4
  1124 | D:2      | Gained mutation: You have very sharp fingernails. [demonic ancestry]
  1124 | D:2      | Reached XP level 5. HP: 31/41 MP: 2/5
  1721 | D:3      | Reached skill level 4 in Armour
  1773 | D:3      | Noticed a hand axe
  1773 | D:3      | Noticed a hand axe
  1776 | D:3      | Found a hide-covered altar of Uskayaw.
  1878 | D:3      | Found a sacrificial altar of Ru.
  2069 | D:4      | Noticed an ogre
  2074 | D:3      | Killed an ogre
  2074 | D:3      | Reached XP level 6. HP: 38/48 MP: 6/6
  2151 | D:4      | Found a staircase to the Ecumenical Temple.
  2177 | D:4      | Reached skill level 1 in Invocations
  2201 | D:4      | Reached ** piety under Yredelemnul
  2207 | D:4      | HP: 1/48 [gnoll/spear (4)]
  2624 | D:4      | Gained mutation: You have claws for hands. [demonic ancestry]
  2624 | D:4      | Reached XP level 7. HP: 28/54 MP: 7/7
  3252 | D:4      | Found a bloodstained altar of Trog.
  3253 | D:4      | Found an iron altar of Okawaru.
  3388 | D:5      | Entered Level 5 of the Dungeon
  3525 | D:5      | Reached skill level 5 in Armour
  3640 | D:5      | Reached XP level 8. HP: 15/61 MP: 4/9
  4037 | D:5      | Reached skill level 1 in Stealth
  4617 | D:6      | Reached skill level 5 in Shields
  4775 | D:6      | Reached *** piety under Yredelemnul
  4775 | D:6      | Reached skill level 6 in Armour
  4796 | D:6      | Reached skill level 5 in Fighting
  5776 | D:7      | Reached XP level 9. HP: 55/68 MP: 9/11
  5887 | D:7      | Noticed Menkaure
  5909 | D:7      | Killed Menkaure
  7322 | D:9      | Reached skill level 5 in Axes
  7326 | D:9      | Received a gift from Yredelemnul (a wight)
  7338 | D:9      | Found a staircase to the Lair.
  7566 | D:9      | Received a gift from Yredelemnul (4 flying skulls)
  7671 | D:9      | Noticed a troll
  7676 | D:9      | Killed a troll
  7737 | D:9      | Found a staircase to the Orcish Mines.
  7750 | Orc:1    | Entered Level 1 of the Orcish Mines
  7752 | Orc:1    | Found Yhamic's Armour Emporium.
  7765 | Orc:1    | Found Apryathrar's Gadget Shop.
  7892 | Orc:1    | Found Ycoogarr's General Store.
  7917 | Orc:1    | Bought a scroll of remove curse for 42 gold pieces
  7983 | Orc:2    | Entered Level 2 of the Orcish Mines
  8015 | Orc:2    | Noticed an orc high priest
  8018 | Orc:2    | Noticed an orc knight
  8018 | Orc:2    | Found Asseikh's Antique Weapon Shop.
  8018 | Orc:2    | Noticed an orc sorcerer
  8036 | Orc:2    | Killed an orc sorcerer
  9124 | D:10     | Entered Level 10 of the Dungeon
  9213 | D:10     | Reached skill level 7 in Armour
  9221 | D:10     | Reached skill level 5 in Dodging
  9283 | D:10     | HP: 3/69 [wight/dagger (2)]
  9290 | D:10     | HP: 2/69 [wight/dagger (2)]
  9296 | D:10     | HP: 2/69 [wight/dagger (2)]
  9297 | D:10     | Reached XP level 10. HP: 2/76 MP: 0/12
  9805 | D:10     | Noticed a brown ugly thing
  9838 | D:10     | Slain by a brown ugly thing

Vault maps used:
D:1:      eino_arrival_cavern_e, minmay_misc_feat_tower,
          minmay_gold_behind_fungi
D:2:      nemelex_xobeh_ov_fountains_minmay, ecumenical_altar_1,
          guppyfry_early_lair_pool, uniq_sigmund
D:3:      dancing_weapons_uskayaw, lemuel_doored_altar, first_bread,
          minmay_misc_feat_rugged
D:4:      grunt_temple_overflow_bloody_war
D:7:      uniq_menkaure
D:9:      lair_0_dummy, orc_0_dummy, stair_cage_cross
Orc:1:    serial_shops, nicolae_shop_crystal, shop, shop, shop, shop,
          mines2_lemuel
Orc:2:    grunt_orc_gardens, grunt_orc_garden, grunt_orc_garden,
          grunt_orc_garden, grunt_orc_garden, basic_altar

Skill      XL: |  1  2  3  4  5  6  7  8  9 |
---------------+----------------------------+-----
Armour         | 3 4 5 6 7 |  7.1
Axes           | 2 3 4 5 |  5.5
Dodging        | 1 2 3 4 5 |  5.1
Shields        | 3 4 5 6 |  6.6
Invocations    | 1 2 3 |  3.8
Fighting       | 4 5 6 |  6.2
Stealth        | 1 2 |  2.5
Throwing       | |  0.5

Action                   |  1- 3 |  4- 6 |  7- 9 | 10-12 || total
-------------------------+-------+-------+-------+-------++-------
Melee: War axe           |   102 |   133 |   390 |       ||   625
       Hand axe          |       |       |   127 |    37 ||   164
Throw: Javelin           |       |       |     4 |       ||     4
Invok: Animate Remains   |     1 |     4 |     6 |       ||    11
       Animate Dead      |       |       |     9 |     2 ||    11
       Injury Mirror     |       |       |     1 |       ||     1
Evoke: Wand              |       |       |       |     1 ||     1
  Use: Potion            |     3 |     7 |    10 |       ||    20
       Scroll            |       |       |     2 |     1 ||     3
 Stab: Distracted        |       |       |     3 |       ||     3
       Paralysed         |       |       |       |     4 ||     4
  Eat: Chunk             |     1 |     6 |    15 |       ||    22
       Meat ration       |       |       |     3 |       ||     3
       Royal jelly       |       |       |     1 |       ||     1
Armor: Scale mail        |    43 |    46 |   166 |    12 ||   267
       Skin              |       |     4 |     3 |       ||     7
Dodge: Dodged            |    23 |    61 |   220 |    10 ||   314
Block: Shield            |    44 |    78 |   277 |    17 ||   416
